 Dungeon Crawl Stone Soup version 0.32-a0-818-gb728d0252e (webtiles) character file.

Game seed: 10367841167998492633

13260 Lanoc the Grappler (level 11, 0/89 HPs)
             Began as a Troll Shapeshifter on Mar 24, 2024.
             Was a Believer of Uskayaw.
             Slain by a chaos spawn (14 damage)
             ... summoned by a kobold demonologist
             ... on level 12 of the Dungeon.
             The game lasted 00:12:24 (9216 turns).

Lanoc the Grappler (Troll Shapeshifter)             Turns: 9216, Time: 00:12:24

Health: 0/89       AC:  0    Str: 22    XL:     11   Next: 73%
Magic:  8/10       EV: 13    Int:  6    God:    Uskayaw [**....]
Gold:   626        SH:  5    Dex: 13    Spells: 10/10 levels left

rFire   . .          .
                       - Unarmed
rCold   . . .        (shield currently unavailable)
rNeg    . . .        x - melded +0 acid dragon scales
rPois   .            (helmet currently unavailable)
rElec   .            (cloak currently unavailable)
rCorr   .            (gloves unavailable)
SInv    .            (boots unavailable)
Will    .....        K - amulet of reflection
Stlth   +            n - melded ring of protection from fire
HPRegen 1.14/turn    y - melded +4 ring of protection
MPRegen 0.12/turn

%: reflection
@: pig-form, very quick
A: fast, no casting, small, unfitting armour, (claws 3), regeneration 1, (shaggy
fur 1), (tough skin 1), (horns 1), weak 1, noise suppression
a: Renounce Religion, Stomp, Line Pass


You were on level 12 of the Dungeon.
You worshipped Uskayaw.
Uskayaw was noncommittal.
You were a filthy swine.
You visited 2 branches of the dungeon, and saw 13 of its levels.

You collected 771 gold pieces.
You spent 145 gold pieces at shops.

Inventory:

Missiles
 l - a throwing net (quivered)
 B - 3 large rocks
Armour
 x - +0 acid dragon scales (melded)
 O - a +2 robe
Jewellery
 n - a ring of protection from fire (melded)
 y - a +4 ring of protection (melded)
 K - an amulet of reflection (around neck)
Talismans
 c - a beast talisman
 d - a flux talisman (active)
Wands
 w - a wand of mindburst (18)
 z - a wand of light (11)
 D - a wand of flame (17)
Scrolls
 e - 5 scrolls of identify
 i - 2 scrolls of teleportation
 j - 4 scrolls of blinking {unknown}
 m - a scroll of enchant armour {unknown}
 q - 2 scrolls of brand weapon {unknown}
 s - a scroll of amnesia {unknown}
 u - 3 scrolls of enchant weapon {unknown}
 v - 3 scrolls of revelation {unknown}
 C - 2 scrolls of fear {unknown}
 E - a scroll of immolation {unknown}
 F - 2 scrolls of poison {unknown}
 G - a scroll of vulnerability {unknown}
 J - a scroll of torment {unknown}
Potions
 a - a potion of ambrosia
 b - a potion of lignification
 f - 3 potions of might
 g - a potion of curing
 h - 3 potions of mutation
 k - 4 potions of haste {unknown}
 o - a potion of resistance
 p - a potion of berserk rage {unknown}
 t - 3 potions of magic {unknown}
 I - 2 potions of enlightenment {unknown}
 L - 2 potions of heal wounds
 M - a potion of degeneration {unknown}
Miscellaneous
 H - a lightning rod (4/4)


   Skills:
 - Level 0.7 Fighting
 - Level 1.5 Dodging
 * Level 13.7 Unarmed Combat
 * Level 12.7 Shapeshifting


You had 10 spell levels left.
You didn't know any spells.
Your spell library contained the following spells:

 Spells                   Type           Power      Damage    Failure   Level
 Magic Dart               Conj           0%         1d3       45%         1
 Shock                    Conj/Air       0%         1d3       45%         1
 Blink                    Tloc           0%         N/A       58%         2
 Call Imp                 Summ           0%         N/A       58%         2
 Jinxbite                 Hex            0%         N/A       58%         2
 Dazzling Flash           Conj/Hex       0%         N/A       83%         3
 Mephitic Cloud           Conj/Alch/Air  0%         N/A       83%         3
 Swiftness                Air            0%         N/A       83%         3
 Tukima's Dance           Hex            0%         N/A       83%         3
 Airstrike                Air            0%         2d(0-16)  99%         4
 Dimensional Bullseye     Hex/Tloc       0%         N/A       99%         4
 Ignite Poison            Fire/Alch      0%         N/A       99%         4
 Iskenderun's Mystic Bla  Conj/Tloc      0%         2d3       99%         4
 Sticky Flame             Fire/Alch      0%         2d4       99%         4
 Curse of Agony           Necr           0%         N/A       100%        5
 Silence                  Hex/Air        0%         N/A       100%        5
 Yara's Violent Unravell  Hex/Alch       0%         3d3       100%        5
 Enfeeble                 Hex            0%         N/A       100%        7
 Ignition                 Fire           0%         3d3       100%        8


Dungeon Overview and Level Annotations

Branches:
Dungeon (12/15)            Temple (1/1) D:5            Lair (0/5) D:11
    Orc (0/2) D:9

Altars:
Ashenzari
Cheibriados
Dithmenos
Elyvilon
Fedhas
Gozag
Hepliaklqana
Kikubaaqudgha
Makhleb
Nemelex Xobeh
Okawaru
Qazlal
Ru
Sif Muna
Trog
Uskayaw
Vehumet
Wu Jian
Xom
Yredelemnul
Zin
The Shining One

Shops:
D:4 (   D:8 (   D:9 *   D:10 (


Innate Abilities, Weirdness & Mutations

You are a filthy swine.
You move quickly.
Your equipment is almost entirely melded.
You are incapable of wielding weapons or throwing items.
You cannot cast spells.
You are too large for most types of armour.
((You have claws for hands.))
Your natural rate of healing is unusually fast.
((You are covered in fur. (AC +1)))
((You have tough skin. (AC +1)))
((You have a pair of small horns on your head.))
You are weak. (Str -2)
You passively dampen the noise of your surroundings.


Message History

You claw the kobold demonologist!
The kobold demonologist glows dangerously bright.
Your headbutt misses the kobold demonologist.
The kobold demonologist is heavily wounded.
The kobold demonologist closely misses you.
The chaos spawn trunk-slaps you!
Your transformation has ended.
Your +0 acid dragon scales unmelds from your body.
You turn into a filthy swine.
Your +0 acid dragon scales melds into your body.
Your ring of protection from fire melds into your body.
Your +4 ring of protection melds into your body.
The neqoxec gestures at you. Something gnaws on your mind!
You feel your power leaking away.
You hit the kobold demonologist.
The kobold demonologist is heavily wounded.
The kobold demonologist casts a spell.
The chaos spawn kicks you! The chaos spawn shocks you!
You completely miss the kobold demonologist.
The kobold demonologist is heavily wounded.
The neqoxec hits you.
The kobold demonologist hits you with a +0 dagger of holy wrath.
You block the chaos spawn's attack.
You hit the kobold demonologist.
The kobold demonologist is severely wounded.
The neqoxec hits you.
You hit the kobold demonologist.
The kobold demonologist is severely wounded.
The kobold demonologist hits you with a +0 dagger of holy wrath.
The chaos spawn misses you. The neqoxec hits you!
You can now pass through a line of other dancers.
You barely miss the kobold demonologist.
The kobold demonologist is severely wounded.
The kobold demonologist gestures wildly while chanting.
The chaos spawn kicks you!!
* * * LOW HITPOINT WARNING * * *
The chaos spawn freezes you!
You die...
Your body falls in perfect tune with the rhythm. #... . #... .##... .'... #45K 5KK

#K## #3h# ##4######
######## #.......#
^....^.#
####.#####.#
.......# ##..'...#
.......####..##.#.#
..[....'....###.#...
.......###### ###
+## #'######


You could see a rust devil (summoned), a kobold demonologist (contam), a neqoxec
(summoned), a chaos spawn (summoned), an iron imp (summoned), a shadow imp
(summoned) and 3 kobolds.

Vanquished Creatures
  Snorg (D:12)
  A boulder beetle (D:11)
  Nergalle (D:12)
  A cyclops (D:7)
  Maggie (D:6)
  2 unseen horrors (D:11)
  2 trolls
  A hornet (D:11)
  Sigmund (D:4)
  3 wraiths
  A wyvern (D:11)
  15 yaks
  A warg (D:9)
  4 steam dragons
  Menkaure (D:5)
  An acid dragon (D:10)
  4 water moccasins
  3 orc warriors
  3 black bears
  An ice beast (D:7)
  4 sky beasts (D:7)
  An ogre (D:5)
  2 wolves (D:9)
  10 centaurs
  2 phantoms
  Blork the orc (D:6)
  A kobold brigand (D:7)
  3 scorpions
  8 bullfrogs
  14 wights
  13 killer bees
  3 howler monkeys
  4 bombardier beetles
  4 jellies
  2 orc priests
  2 gnoll boudas
  4 hounds
  A sleepcap (D:7)
  3 iguanas
  9 orc wizards
  9 gnolls
  8 adders
  A white imp (D:4)
  A dart slug (D:4)
  4 ribbon worms
  23 orcs
  4 bats
  8 endoplasms
  5 giant cockroaches
  20 goblins
  7 hobgoblins
  3 quokkas
  6 ball pythons
  2 frilled lizards
  14 kobolds
  5 rats
259 creatures vanquished.

Notes
Turn   | Place    | Note
-------+----------+-------------------------------------------
     0 | D:1      | Lanoc the Troll Shapeshifter began the quest for the Orb.
     0 | D:1      | Reached XP level 1. HP: 18/18 MP: 0/0
   221 | D:1      | Reached XP level 2. HP: 16/26 MP: 1/1
   683 | D:2      | Reached XP level 3. HP: 32/32 MP: 2/2
   758 | D:2      | You fall into a shaft and drop 2 floors!
   758 | D:4      | Found a bloodstained altar of Trog.
   814 | D:3      | Reached skill level 4 in Unarmed Combat
  1027 | D:2      | Reached XP level 4. HP: 37/40 MP: 3/3
  1566 | D:3      | Found a hide-covered altar of Uskayaw.
  1574 | D:3      | Became a worshipper of Uskayaw the Reveller
  1675 | D:3      | Reached XP level 5. HP: 40/46 MP: 4/4
  1678 | D:3      | Reached * piety under Uskayaw
  2309 | D:4      | Reached ** piety under Uskayaw
  2373 | D:4      | Found a shimmering altar of Xom.
  2416 | D:4      | Found Ire Uch's Weapon Shoppe.
  2497 | D:4      | Noticed Sigmund
  2507 | D:4      | Reached *** piety under Uskayaw
  2511 | D:4      | Reached **** piety under Uskayaw
  2516 | D:4      | Killed Sigmund
  2517 | D:4      | Reached skill level 5 in Unarmed Combat
  2517 | D:4      | Reached skill level 5 in Shapeshifting
  2517 | D:4      | Reached XP level 6. HP: 45/54 MP: 5/5
  2805 | D:4      | Reached skill level 6 in Unarmed Combat
  2856 | D:4      | Found an iron altar of Okawaru.
  2859 | D:4      | Reached XP level 7. HP: 60/61 MP: 6/6
  2947 | D:5      | Entered Level 5 of the Dungeon
  3134 | D:5      | Found a blossoming altar of Fedhas.
  3197 | D:5      | Found an ornate altar of the Wu Jian Council.
  3200 | D:5      | Found a stormy altar of Qazlal.
  3375 | D:5      | Reached skill level 7 in Unarmed Combat
  3382 | D:5      | Reached ***** piety under Uskayaw
  3384 | D:5      | Reached XP level 8. HP: 51/68 MP: 7/7
  3490 | D:5      | Noticed Menkaure
  3495 | D:5      | Killed Menkaure
  3571 | D:5      | Found a staircase to the Ecumenical Temple.
  3596 | Temple   | Entered the Ecumenical Temple
  4075 | D:6      | Reached skill level 8 in Unarmed Combat
  4085 | D:6      | Found a glowing silver altar of Zin.
  4200 | D:6      | Identified the +7 dagger of Zouda {freeze, *Slow rCorr
                  | Str+5}
  4303 | D:6      | Found a sparkling altar of Nemelex Xobeh.
  4319 | D:6      | Found a radiant altar of Vehumet.
  4324 | D:6      | Found a broken altar of Ashenzari.
  4349 | D:6      | Noticed Maggie
  4358 | D:6      | Killed Maggie
  4359 | D:6      | Reached XP level 9. HP: 44/75 MP: 3/8
  4408 | D:6      | Found a shimmering blue altar of Sif Muna.
  4516 | D:6      | Noticed Blork the orc
  4522 | D:6      | Killed Blork the orc
  4523 | D:6      | Reached skill level 9 in Unarmed Combat
  4700 | D:7      | Noticed a cyclops
  5424 | D:7      | Reached skill level 10 in Unarmed Combat
  5450 | D:7      | Reached ****** piety under Uskayaw
  5452 | D:7      | Killed a cyclops
  5464 | D:7      | Identified the +1 flail of Adverse Possession {heavy, Str+2
                  | Stlth+}
  5714 | D:8      | Found Joffoiq's Antique Weapon Boutique.
  5775 | D:8      | Reached XP level 10. HP: 80/83 MP: 7/9
  5785 | D:8      | Reached skill level 10 in Shapeshifting
  5927 | D:8      | Reached skill level 11 in Unarmed Combat
  6119 | D:8      | Found a glowing golden altar of the Shining One.
  6540 | D:9      | Found Ogaisuc's General Store.
  6544 | D:9      | Found Kidghu's Specific Store.
  6555 | D:9      | Bought a potion of heal wounds for 85 gold pieces
  6559 | D:9      | Bought a potion of might for 60 gold pieces
  6667 | D:9      | Found a staircase to the Orcish Mines.
  6677 | D:9      | Reached skill level 12 in Unarmed Combat
  6751 | D:9      | Gained mutation: You passively dampen the noise of your
                  | surroundings. [potion of mutation]
  6751 | D:9      | Gained mutation: You are weak. (Str -2) [potion of
                  | mutation]
  6751 | D:9      | Gained mutation: You have a pair of small horns on your
                  | head. [potion of mutation]
  6751 | D:9      | HP: 2/83 [killer bee (3)]
  7078 | D:10     | Entered Level 10 of the Dungeon
  7358 | D:10     | Reached XP level 11. HP: 73/89 MP: 8/10
  7464 | D:10     | Found a basalt altar of Yredelemnul.
  7510 | D:10     | Found Nuogar's Antique Weapon Shop.
  8039 | D:11     | Noticed a boulder beetle
  8049 | D:11     | Killed a boulder beetle
  8054 | D:11     | Found a staircase to the Lair.
  8067 | D:11     | Reached skill level 13 in Unarmed Combat
  8943 | D:12     | Noticed Nergalle
  9035 | D:12     | Noticed Snorg
  9044 | D:12     | Killed Snorg
  9116 | D:12     | Killed Nergalle
  9216 | D:12     | Slain by a chaos spawn

Illustrated notes

Levels and vault maps discovered:
D:1:      dpeg_arrival_snail, layout_basic
D:2:      layout_rooms, minmay_ruptured
D:3:      layout_loops_corners, eat_drink_and_be_merry_uskayaw,
          nicolae_underground_beach
D:4:      cheibrodos_greedy_goblins, layout_loops_ring, bloody_trog,
          kennysheep_little_box, okawaru_altar_gauntlet_db, serial_shops,
          nicolae_shop_bloodbath_and_beyond, uniq_sigmund
D:5:      layout_basic, grunt_temple_overflow_open, temple_hall, uniq_menkaure
D:6:      layout_basic, lemuel_coloured_pillars_altar, lemuel_blue_sif_altar,
          minmay_overflow_temple_star_quad, uniq_maggie, uniq_blork_the_orc
D:7:      minmay_clustersquares, layout_basic, serial_bayou_crossing
D:8:      layout_rooms, mainiacjoe_overflow_brackets, serial_shops,
          nicolae_shop_back_alley_shop, supply_closet_lemuel
D:9:      layout_rooms, minmay_orc_entry_guard_dogs, minmay_strange_pillars,
          nicolae_specific_store
D:10:     layout_loops_ring, amcnicky_altar_gilded, kennysheep_windowed_goal
D:11:     layout_loops_ring, due_lair_maze_entry_diamond,
          kennysheep_generic_room_3
D:12:     layout_roguey, uniq_snorg, uniq_nergalle
Temple:   nicolae_temple_ecumenical_triangle

Skill      XL: |  1  2  3  4  5  6  7  8  9 10 11 |
---------------+----------------------------------+-----
Unarmed Combat | 4 5 6 7 8 10 12 13 | 13.7
Shapeshifting  | 4 5 6 8 9 11 12 | 12.7
Fighting       | |  0.7
Dodging        | |  1.5

Action                     |  1- 3 |  4- 6 |  7- 9 | 10-12 || total
---------------------------+-------+-------+-------+-------++-------
  Melee: Unarmed           |    75 |   115 |   212 |   339 ||   741
         Punch             |       |       |     5 |     1 ||     6
         Headbutt          |       |       |       |    46 ||    46
  Evoke: Lightning rod     |       |       |       |     1 ||     1
    Use: Potion            |       |       |       |     5 ||     5
         Scroll            |       |       |       |     3 ||     3
   Stab: Sleeping          |     2 |     1 |       |       ||     3
         Paralysed         |       |       |     4 |    19 ||    23
 Armour: Animal skin       |    38 |    53 |    57 |       ||   148
         Acid dragon scale |       |       |    98 |    32 ||   130
         Skin              |       |       |       |   280 ||   280
  Dodge: Dodged            |    27 |    50 |    66 |   262 ||   405
  Block: Other             |       |       |       |     1 ||     1
   Form: Flux              |       |       |       |     1 ||     1

Table legend: (Time is in decaauts)
 A = Elapsed time spent in this place.
 B = Non-inter-level travel time spent in this place.
 C = Inter-level travel time spent in this place.
 D = Time resting spent in this place.
 E = Time spent auto-exploring this place.
 F = Levels seen in this place.
 G = Mean time per level.
                   A        B        C        D        E       F      G
               +--------+--------+--------+--------+--------+-----+--------+
         Total |   9093 |   8779 |    314 |      0 |   7348 |  13 |  699.5 |
       Dungeon |   9091 |   8777 |    314 |      0 |   7348 |  12 |  757.6 |
        Temple |      1 |      1 |      0 |      0 |      0 |   1 |    1.0 |
               +--------+--------+--------+--------+--------+-----+--------+

Top non-repeatable levels by time:
     D:5: 1003 daAuts
     D:3: 958 daAuts
     D:7: 946 daAuts
    D:11: 924 daAuts
    D:10: 906 daAuts
     D:4: 759 daAuts
     D:9: 727 daAuts
     D:6: 696 daAuts
     D:8: 690 daAuts
     D:1: 677 daAuts
     D:2: 534 daAuts
    D:12: 266 daAuts
  Temple: 1 daAuts
